 Dungeon Crawl Stone Soup version 0.31.0-11-ge490571c62 (webtiles) character file.

Game seed: 402128521984443151

49 ezpacito the Trooper (level 3, -3/29 HPs)
             Began as a Demonspawn Berserker on Jan 30, 2024.
             Was a Believer of Trog.
             Killed by nerve-wracking pain
             ... invoked by Grinder
              (6 damage)
             ... on level 3 of the Dungeon.
             The game lasted 00:01:54 (2098 turns).

ezpacito the Trooper (Demonspawn Berserker)         Turns: 2098, Time: 00:01:54

Health: -3/29      AC:  3    Str: 17    XL:     3   Next: 53%
Magic:  3/3        EV: 12    Int:  7    God:    Trog [**....]
Gold:   58         SH:  0    Dex: 16    Spells: 2/2 levels left

rFire   . . .        a - +0 hand axe
rCold   . . .        (no shield)
rNeg    . . .        q - +0 leather armour
rPois   .            (no helmet)
rElec   .            (no cloak)
rCorr   .            (no gloves)
SInv    .            (no boots)
Will    .....        (no amulet)
Stlth   +++          (no ring)
HPRegen 0.24/turn    (no ring)
MPRegen 0.08/turn

%: no passive effects
@: on berserk cooldown, slowed, very slow
A: thin skeletal structure 1
a: Renounce Religion, Berserk, Trog's Hand


You were on level 3 of the Dungeon.
You worshipped Trog.
Trog was pleased with you.
You visited 1 branch of the dungeon, and saw 3 of its levels.

You collected 58 gold pieces.

Inventory:

Hand Weapons
 a - a +0 hand axe (weapon)
 d - a +0 sling
 g - a +2 dagger of freezing
Missiles
 c - 5 stones (quivered)
Armour
 q - a +0 leather armour (worn)
Scrolls
 b - a scroll of teleportation {unknown}
 e - 2 scrolls of identify {unknown}
 h - 2 scrolls of fear {unknown}
 i - a scroll of amnesia {unknown}
 k - a scroll of poison {unknown}
 m - a scroll of blinking {unknown}
 n - a scroll of vulnerability {unknown}
Potions
 f - a potion of degeneration {unknown}
 j - 2 potions of enlightenment {unknown}
 l - a potion of might {unknown}
 o - 3 potions of brilliance {unknown}
 p - a potion of haste {unknown}


   Skills:
 * Level 3.3 Fighting
 * Level 3.3 Axes
 * Level 1.9 Armour
 * Level 2.1 Dodging
 * Level 1.0 Stealth
 * Level 0.4 Unarmed Combat


You had 2 spell levels left.
You didn't know any spells.
Your spell library contained the following spells:

 Spells                   Type           Power      Damage    Failure   Level
 Sting                    Conj/Alch      0%         1d3       50%         1
 Mercury Vapours          Alch/Air       0%         N/A       63%         2
 Olgreb's Toxic Radiance  Alch           0%         N/A       99%         4


Dungeon Overview and Level Annotations

Branches:
Dungeon (3/15)

Altars:

Annotations:
D:3 Grinder


Innate Abilities, Weirdness & Mutations

You have a somewhat thin skeletal structure. (Dex +2, Stealth+)


Message History

Grinder says, "What is the universe for?"
Grinder misses you.
You slash Grinder!
Grinder is heavily wounded.
Grinder hits you.
You writhe in agony.
You closely miss Grinder.
Grinder is heavily wounded.
You barely miss Grinder.
Grinder is heavily wounded.
Grinder hits you.
You slash Grinder!
Grinder is almost dead.
Grinder hits you!
You writhe in agony.
You closely miss Grinder.
Grinder is almost dead.
Grinder barely misses you.
You barely miss Grinder.
Grinder is almost dead.
Grinder blinks!
You feel a strong urge to attack something.
Grinder hits you.
You writhe in agony.
You barely miss Grinder.
Grinder is almost dead.
Grinder gestures at you. Pain shoots through your body!
* * * LOW HITPOINT WARNING * * *
You hit Grinder.
Grinder is almost dead.
Grinder barely misses you.
You completely miss Grinder.
Grinder is almost dead.
You are no longer berserk.
You are exhausted.
You feel yourself slow down.
You closely miss Grinder.
Grinder is almost dead.
Grinder gestures at you. Pain shoots through your body!
You die...
Grinder sighs, "Dead already?
I want a refund."

### #........ ......
#........ ..... ........#
...... ........#
##.....####........# .
##.. ................
...#...#####............
.........@5...........#..
..###......###.........#
.###......###.........
.......(....##.........
#####..####.###.....##
#### .##.......#
.##.......# ###.......#
##.....##


You could see Grinder.

Vanquished Creatures
  2 dart slugs (D:2)
  7 endoplasms
  3 giant cockroaches
  7 goblins
  5 hobgoblins
  4 quokkas
  5 bats
  4 rats
37 creatures vanquished.

Notes
Turn   | Place    | Note
-------+----------+-------------------------------------------
     0 | D:1      | ezpacito the Demonspawn Berserker began the quest for the
                  | Orb.
     0 | D:1      | Reached XP level 1. HP: 18/18 MP: 1/1
    70 | D:1      | Gained mutation: You have a somewhat thin skeletal
                  | structure. (Dex +2, Stealth+) [demonic ancestry]
    70 | D:1      | Reached XP level 2. HP: 3/24 MP: 2/2
   955 | D:1      | Reached XP level 3. HP: 29/29 MP: 3/3
  1096 | D:2      | Reached ** piety under Trog
  1502 | D:2      | Reached skill level 1 in Stealth
  2071 | D:3      | Noticed Grinder
  2098 | D:3      | Killed from afar by Grinder

Illustrated notes

Levels and vault maps discovered:
D:1:      erik_arrival_orb_chamber, layout_basic, chequers_serial_rivers_small_a
D:2:      layout_basic, minivault_14
D:3:      minmay_angry_zag, layout_rooms, mainiacjoe_overflow_24_doors,
          uniq_jessica, uniq_grinder

Skill      XL: |  1  2  3 |
---------------+----------+-----
Dodging        | 2 |  2.1
Axes           | 3 |  3.3
Stealth        | 1 |  1.0
Fighting       | |  3.3
Armour         | |  1.9
Unarmed Combat | |  0.4

Action                     || total
---------------------------++-------
  Melee: Hand axe          ||   122
         Punch             ||     1
 Invoke: Berserk           ||     2
   Stab: Sleeping          ||     9
 Armour: Animal skin       ||    38
         Leather armour    ||    30
  Dodge: Dodged            ||    75
